 Dungeon Crawl Stone Soup version 0.26-a0-52-gd53d4cd058 (webtiles) character file.

Game seed: 1047562124297764732

23 bmfx the Caller (level 3, 0/26 HPs)
             Began as a Formicid Summoner on June 6, 2020.
             Slain by a hound (5 damage)
             ... on level 2 of the Dungeon.
             The game lasted 00:04:38 (1370 turns).

bmfx the Caller (Formicid Summoner)                 Turns: 1370, Time: 00:04:39

Health: 0/26       AC:  2    Str: 13    XL:     3   Next: 12%
Magic:  2/7        EV: 12    Int: 14    God:
Gold:   61         SH:  0    Dex: 11    Spells: 1/7 levels left

rFire    . . .     SeeInvis +   d - +0 dagger
rCold    . . .     Gourm    .   (no shield)
rNeg     . . .     Faith    .   a - +0 robe
rPois    .         Spirit   .   (helmet unavailable)
rElec    .         Reflect  .   (no cloak)
rCorr    .         Harm     .   (no gloves)
MR       .....                  (no boots)
Stlth    ++........             (no amulet)
HPRegen  0.08/turn              (no ring)
MPRegen  0.10/turn              (no ring)

@: no status effects
A: permanent stasis, dig shafts and tunnels, four strong arms, antennae 3
a: Dig, Shaft Self


You were on level 2 of the Dungeon.
You were not hungry.

You visited 1 branch of the dungeon, and saw 2 of its levels.

You collected 61 gold pieces.


Innate Abilities, Weirdness & Mutations

You cannot be hasted, slowed, berserked, paralysed or teleported.
You can dig through walls and to a lower floor.
Your four strong arms can wield two-handed weapons with a shield.
You have a pair of large antennae on your head. (SInv)

Dungeon Overview and Level Annotations

Branches:
Dungeon (2/15)

Altars:
Elyvilon
Makhleb
Zin
The Shining One

Annotations:
D:2 exclusion: 3 gnolls, Sigmund


   Skills:
 + Level 1.3 Fighting
 - Level 1.7 Dodging
 - Level 2.4 Stealth
 + Level 2.7 Spellcasting
 + Level 4.3 Summonings


You had one spell level left.
You knew the following spells:

 Your Spells              Type           Power        Failure   Level  Hunger
A - Summon Small Mammal   Summ           ##..         3%          1    #......
B - Call Imp              Summ           ##......     6%          2    ###....
C - Call Canine Familiar  Summ           ##......     12%         3    ###....

Your spell library contained the following spells:

 Spells                   Type           Power        Failure   Level  Hunger
 Summon Guardian Golem    Hex/Summ       #.......     28%         3    ###....
 Summon Ice Beast         Ice/Summ       #.......     67%         4    #####..
 Summon Lightning Spire   Summ/Air       #.......     67%         4    #####..

Action                   || total
-------------------------++-------
Melee: Dagger            ||    43
 Cast: Summon Small Mamm ||    13
       Call Imp          ||    14
 Stab: Sleeping          ||     2
  Eat: Chunk             ||     2
Armor: Robe              ||    14
Dodge: Dodged            ||    29

Skill      XL: |  1  2 |
---------------+-------+-----
Fighting       | 1 |  1.3
Dodging        | |  1.7
Stealth        | |  2.4
Spellcasting   | |  2.7
Summonings     | |  4.3

Inventory:

Hand Weapons
 d - a +0 dagger (weapon)
Armour
 a - a +0 robe (worn)
 h - a cursed +0 leather armour
Scrolls
 b - a scroll of remove curse {unknown}
 g - 2 scrolls of amnesia {unknown}
 j - a scroll of immolation {unknown}
Potions
 e - 2 potions of resistance {unknown}
 i - a potion of heal wounds {unknown}
 k - a potion of curing {unknown}
Comestibles
 c - 3 rations
 f - a chunk of flesh {@w1}

#..##...#.##.#..
##..#.....##.#..
###..##...........
###..5###........#..
##....###....#.⌠⌠.⌠⌠.
#..§5#####...#≈≈'''≈≈
#....##.##....≈_._._≈
#..h5.........≈≈≈8≈≈≈
#...@...##..###≈≈≈≈≈.
#######.##..# #.###..
#.##### #...... #.#
######. #.# #. #.# #.
### ##


You could see a hound and 2 friendly crimson imps.

Vanquished Creatures
  3 goblins (D:1)
  A hobgoblin (D:1)
  4 bats
  A frilled lizard (D:1)
  A rat (D:1)
10 creatures vanquished.

Vanquished Creatures (collateral kills)
  2 dart slugs (D:1)
  A leopard gecko (D:1)
  A giant cockroach (D:2)
  6 hobgoblins (D:1)
  2 jackals (D:1)
  A frilled lizard (D:1)
  2 goblins (D:1)
  A rat (D:1)
16 creatures vanquished.

Grand Total: 26 creatures vanquished

Levels and vault maps discovered:
D:1:      lightli_iron_boxes, layout_basic
D:2:      layout_basic, good_gods_mini_temple, makhleb_blood_cavern_becter,
          lemuel_round_altar, chequers_ecumenical_altar_simple_redux,
          uniq_sigmund


Message History

You swap places.
The hound bites your crimson imp but does no damage.
Your crimson imp blinks!
The hound barely misses your crimson imp.
Your crimson imp hits the hound.
Your crimson imp closely misses the hound.
The hound misses your crimson imp.
Your crimson imp hits the hound.
Your crimson imp closely misses the hound.
The hound misses your crimson imp. x2; Your crimson imp hits the hound. x2
The hound barely misses your crimson imp.
Your crimson imp closely misses the hound.
Your crimson imp blinks! x2
Your crimson imp blinks!
You swap places.
Your crimson imp blinks!
Your crimson imp blinks!
The hound bites you.
* * * LOW HITPOINT WARNING * * *
The hound bites you.
You die...

Notes
Turn   | Place    | Note
-------+----------+-------------------------------------------
     0 | D:1      | bmfx the Formicid Summoner began the quest for the Orb.
     0 | D:1      | Reached XP level 1. HP: 13/13 MP: 3/3
   545 | D:1      | Reached XP level 2. HP: 20/20 MP: 0/5
   549 | D:1      | Learned a level 2 spell: Call Imp
   798 | D:1      | Reached skill level 1 in Fighting
   812 | D:1      | You fall into a shaft and drop 1 floor!
  1058 | D:1      | Reached XP level 3. HP: 26/26 MP: 7/7
  1231 | D:1      | Learned a level 3 spell: Call Canine Familiar
  1293 | D:2      | Found a white marble altar of Elyvilon.
  1298 | D:2      | Found a glowing silver altar of Zin.
  1300 | D:2      | Found a glowing golden altar of the Shining One.
  1304 | D:2      | Found a faded altar of an unknown god.
  1320 | D:2      | Noticed Sigmund
  1354 | D:2      | Found a burning altar of Makhleb.
  1370 | D:2      | Slain by a hound
